 Dungeon Crawl Stone Soup version 0.19-a0-414-g76fec5b (webtiles) character file.

17 Duffy the Covered (level 2, 18/19 HPs)
             Began as a Gargoyle Fighter on May 31, 2016.
             Was an Initiate of Makhleb.
             Quit the game on level 1 of the Dungeon.
             The game lasted 00:00:42 (326 turns).

Duffy the Covered (Gargoyle Fighter)                 Turns: 326, Time: 00:00:42

Health: 18/19      AC: 14    Str: 19    XL:     2   Next: 62%
Magic:  2/2        EV:  5    Int:  8    God:    Makhleb [......]
Gold:   37         SH:  0    Dex:  9    Spells: 0 memorised, 1 level left

rFire  . . .     SeeInvis .     a - +0 war axe
rCold  . . .     Gourm    .     g - +0 plate armour
rNeg   + . .     Faith    .     (no shield)
rPois  ∞         Spirit   .     (no helmet)
rElec  +         Dismiss  .     (no cloak)
rCorr  .         Reflect  .     (no gloves)
SustAt .         Harm     .     (no boots)
MR     .....                    (no amulet)
Stlth  ..........               (no ring)
                                (no ring)

@: not resistant to hostile enchantments, extremely unstealthy
A: negative energy resistance 1, electricity resistance, unbreathing,
petrification resistance, rot immunity, AC +2
a: Renounce Religion


You were on level 1 of the Dungeon.
You worshipped Makhleb.
Makhleb was noncommittal.
You were not hungry.

You visited 1 branch of the dungeon, and saw 2 of its levels.

You collected 37 gold pieces.


Innate Abilities, Weirdness & Mutations

You are resistant to torment.
Your stone body is resilient (AC +2).
You are immune to poison.
You resist negative energy. (rN+)
You are resistant to electric shocks. (rElec)
You can survive without breathing.
You are immune to petrification.
You are immune to rotting.


   Skills:
 - Level 3.2 Fighting
 + Level 2.6 Axes
 + Level 3.5 Armour
 - Level 3.2 Shields


You had one spell level left.
You didn't know any spells.

Inventory:

Hand Weapons
 a - a +0 war axe (weapon)
Armour
 b - a +0 scale mail
 c - a +0 shield
 g - a +0 plate armour (worn)
Scrolls
 e - a scroll of identify {unknown}
 h - a scroll of enchant armour {unknown}
Potions
 d - a potion of might
Comestibles
 f - a bread ration

Dungeon Overview and Level Annotations

Branches:
Dungeon (2/15)

Altars:
Makhleb


Message History

h - a scroll labeled EKLUTEIJIUN A giant cockroach comes into view.
A giant cockroach is nearby!
A giant cockroach is nearby!
The giant cockroach waves its antennae.
Your plate armour prevents you from hitting the giant cockroach.
The giant cockroach bites you but does no damage.
You hit the giant cockroach.
You kill the giant cockroach!
Makhleb accepts your kill.
No target in view!
No target in view!
No target in view!
No target in view!
No target in view!
No target in view!
No target in view!
No target in view!
No target in view!
You now have 37 gold pieces (gained 12).
Found 27 bolts.
A rat comes into view.
A rat is nearby!
A bat comes into view.
The bat hits you but does no damage.
You see here 27 bolts.
You closely miss the bat. The bat barely misses you.
The bat hits you but does no damage. The rat bites you but does no damage.
You closely miss the rat. The bat hits you but does no damage.
The rat bites you but does no damage.
You closely miss the rat. The bat hits you but does no damage.
The rat bites you but does no damage.
You hit the rat.
The rat is heavily wounded.
The rat bites you but does no damage. The rat bites you.
You closely miss the rat.
The rat is heavily wounded.
You closely miss the bat. The bat hits you but does no damage.
The rat bites you but does no damage.
You hit the rat.
You kill the rat!
Makhleb accepts your kill. The bat barely misses you.
You hit the bat but do no damage. The bat hits you but does no damage.
The bat hits you but does no damage.
You slash the bat!
You kill the bat!
Makhleb accepts your kill.
No target in view!
Are you sure you want to abandon this character and quit the game? (Confirm with "yes".)

#####
###.......#
#.....###...##
# #.#####
###..####...
##........
##..#####.
##..##
######..##
####....(.##
.......@###
........#
........#
........#
........#
#########


There were no monsters in sight!

Action                   || total
-------------------------++-------
Melee: War axe           ||    39
Armor: Scale mail        ||    22
       Plate armour      ||    14
Dodge: Dodged            ||    15
Block: Shield            ||    19

Notes
Turn   | Place    | Note
--------------------------------------------------------------
     0 | D:1      | Duffy the Gargoyle Fighter began the quest for the Orb.
     0 | D:1      | Reached XP level 1. HP: 14/14 MP: 1/1
    33 | D:1      | Reached skill level 2 in Axes
    91 | D:2      | Reached XP level 2. HP: 11/19 MP: 2/2
   260 | D:2      | Found a burning altar of Makhleb.
   266 | D:2      | Became a worshipper of Makhleb the Destroyer
   326 | D:1      | Quit the game

Skill      XL: |  1 |
---------------+----+-----
Axes           | 2 |  2.6
Fighting       | |  3.2
Armour         | |  3.5
Shields        | |  3.2

Vault maps used:
D:1:      kennysheep_arrival_forest
D:2:      nicolae_ru_great_annihilating_truth, vehumet_crystals,
          elyvilon_altar_5, first_bread, bloody_makhleb

Vanquished Creatures
  An adder
  A giant cockroach
  2 kobolds
  2 bats
  2 rats
8 creatures vanquished.
